Avalanche vs Blues

Created - 8 février 2018 at 15:55

Goals
1 2 3 T
Avalanche 2 2 1 5
Blues 0 1 2 3
Shots
1 2 3 T
Avalanche 16 15 23 54
Blues 10 3 8 21

1st period

1. Avalanche , Kyle Palmieri 18 (Jussi Jokinen 26) at 13:54
2. Avalanche , Mikkel Boedker 5 (Jason Zucker 13, Patrice Bergeron 34) at 14:36

Penalties :
Oliver Setzinger (STL) for Holding (Minor) at 6:47, Kyle Palmieri (COL) for Slashing (Minor) at 16:54

2nd period

3. Blues , Mike Weber 11 (Trevor Daley 15) at 6:49
4. Avalanche , Brad Boyes 19 (Paul Stastny 26) at 8:22
5. Avalanche , Patrice Bergeron 24 (Chris VandeVelde 7, Lukas Krajicek 6) at 19:30

Penalties :
Ryan Getzlaf (STL) for Slashing (Minor) at 8:45, Niklas Kronwall (COL) for High sticking (Minor) at 8:45, Sidney Crosby (STL) for Hooking (Minor) at 11:55, Ryan Getzlaf (STL) for Interference (Minor) at 14:39

3rd period

6. Blues , Frans Nielsen 10 (Matt D'Agostini 14) at 3:12 (SH)
7. Avalanche , Kyle Palmieri 19 (Patrice Bergeron 35, Francois Beauchemin 24) at 7:18 (PP)
8. Blues , Sidney Crosby 20 (David Savard 26, Tobias Rieder 15) at 13:14

Penalties :
David Savard (STL) for Tripping (Minor) at 2:00, David Savard (STL) for Delaying the game (Minor) at 4:33, Anders Lee (STL) for Holding (Minor) at 6:45, David Savard (STL) for Tripping (Minor) at 16:04

Goalie Stats

Roberto Luongo (COL), 18 saves from 21 shots - (0,857), W, 31-12-2, 60:00 minutes
Simeon Varlamov (STL), 49 saves from 54 shots - (0,907), L, 26-18-3, 60:00 minutes

Players Stats for Avalanche

Player Name              G  A  P  +/- PIM S  H  SB GA TA FO     MP     PP MP  PK MP  
------------------------------------------------------------------------------------
Alex Petrovic            0  0  0   1  0   0  0  0  0  0  0/0     5:34   0:00   0:00 
Anton Stralman           0  0  0   0  0   3  1  1  0  0  0/0    25:03   6:55   1:04 
Brad Boyes               1  0  1   1  0   7  0  0  0  0  3/6    25:42   7:03   0:06 
Chris VandeVelde         0  1  1   1  0   2  1  0  0  0  1/1    12:51   0:00   0:58 
Francois Beauchemin      0  1  1   1  0   4  0  1  0  0  0/0    24:29   5:32   1:04 
Jason Zucker             0  1  1   0  0   2  1  0  0  0  0/3    15:19   0:00   0:58 
Josh Manson              0  0  0   0  0   0  0  0  0  0  0/0     0:00   0:00   0:00 
Jussi Jokinen            0  1  1   1  0   2  0  0  0  0  4/15   13:27   0:00   0:47 
Kyle Palmieri            2  0  2  -1  2   7  2  0  0  0  1/2    16:31   5:24   0:00 
Lukas Krajicek           0  1  1   0  0   2  1  0  0  0  0/0    12:17   0:00   0:55 
Mattias Ekholm           0  0  0  -1  0   0  1  0  0  0  0/0     6:15   0:00   0:00 
Mikkel Boedker           1  0  1  -1  0   5  0  0  0  0  2/2    19:45   5:24   0:00 
Niklas Kronwall          0  0  0   2  2   5  1  0  0  0  0/0    25:16   7:41   0:55 
Patrice Bergeron         1  2  3   0  0   5  1  0  0  0  19/35  21:36   5:24   1:06 
Patrick Sharp            0  0  0   1  0   5  1  0  0  0  0/2    25:36   7:03   0:00 
Paul Stastny             0  1  1   1  0   2  7  0  0  0  33/43  25:11   7:03   0:00 
Remi Elie                0  0  0   0  0   0  0  0  0  0  0/0     0:03   0:00   0:03 
TJ Brodie                0  0  0  -1  0   3  0  1  0  0  0/0    21:05   4:46   0:00 

Players Stats for Blues

Player Name              G  A  P  +/- PIM S  H  SB GA TA FO     MP     PP MP  PK MP  
------------------------------------------------------------------------------------
Anders Lee               0  0  0   0  2   2  2  0  0  0  1/2     4:34   0:00   0:00 
Chad LaRose              0  0  0   0  0   0  0  0  0  0  0/0     4:01   0:00   0:43 
David Savard             0  1  1  -1  6   1  8  5  0  0  0/0    20:58   0:53   3:28 
Frans Nielsen            1  0  1   0  0   3  1  0  0  0  19/36  19:25   0:00   8:29 
Jacob Josefson           0  0  0   0  0   1  0  0  0  0  1/6     3:18   0:00   0:00 
Keith Yandle             0  0  0   0  0   0  0  1  0  0  0/0    15:10   0:53   0:00 
Martin Erat              0  0  0  -2  0   1  0  0  0  0  0/0    15:11   0:53   0:00 
Matt D'Agostini          0  1  1   0  0   1  0  0  0  0  1/1    20:13   0:53   8:24 
Michal Birner            0  0  0  -1  0   1  0  0  0  0  0/1    10:56   0:00   0:00 
Mike Weber               1  0  1   1  0   1  4  1  0  0  0/0    23:01   1:06   7:22 
Nate Guenin              0  0  0  -1  0   0  2  3  0  0  0/0    20:52   0:00   7:06 
Oliver Setzinger         0  0  0   1  2   2  1  0  0  0  2/4    16:50   1:06   0:00 
Oscar Klefbom            0  0  0  -1  0   1  0  4  0  0  0/0    24:15   1:06   5:08 
Patric Hornqvist         0  0  0  -2  0   1  0  0  0  0  0/1    21:00   1:06   3:58 
Ryan Getzlaf             0  0  0  -2  4   2  1  1  0  0  11/28  18:30   1:06   3:08 
Sidney Crosby            1  0  1   1  2   2  2  0  0  0  11/28  16:07   0:53   0:12 
Tobias Rieder            0  1  1   1  0   1  0  0  0  0  0/2    15:24   0:00   0:00 
Trevor Daley             0  1  1   0  0   1  0  3  0  0  0/0    15:41   0:00   1:50 

3 Stars

1 - Patrice Bergeron (COL)
2 - Paul Stastny (COL)
3 - Kyle Palmieri (COL)

Power Play

Avalanche - 1 on 7 Attempt(s) - 14,29%
Blues - 0 on 1 Attempt(s) - 0,00%

Penalty Kill

Avalanche - 1 on 1 Attempt(s) - 100,00% - Score 0 goal in Penalty Kill
Blues - 6 on 7 Attempt(s) - 85,71% - Score 1 goal in Penalty Kill

Team Stat

Avalanche - Hits : 17 - Faceoff Wins : 63 - Blocked Shots : 3 - Penalty Minutes : 4
Blues - Hits : 21 - Faceoff Wins : 46 - Blocked Shots : 18 - Penalty Minutes : 16

Official

Referees : Mike Leggo and Jake Brenk
Linesman : Kevin Hall and Peter Cichy

Game Notes

No Game Note

Finance

Level 1 -- Attendance: 5948 (99,13%) -- Ticket Income 654 280 $
Level 2 -- Attendance: 5000 (100,00%) -- Ticket Income 375 000 $
Level 3 -- Attendance: 2000 (100,00%) -- Ticket Income 80 000 $
Level 4 -- Attendance: 4000 (100,00%) -- Ticket Income 80 000 $
Luxury Box -- Attendance: 1356 (60,00%) -- Ticket Income 474 600 $
Game was played at the Scottrade Center.
Total Attendance: 18304 (95,04%)
Total Ticket Income: 1 663 880 $
Other Income: 815 301 $
Total Income: 2 479 181 $

Avalanche

5 vs 5 Forward 
   Center                   Left Wing                Right Wing               Time % Phy DF OF 
 1 Paul Stastny             Patrick Sharp            Brad Boyes               40     0   2  3  
 2 Patrice Bergeron         Jason Zucker             Mikkel Boedker           35     0   2  3  
 3 Jussi Jokinen            Kyle Palmieri            Chris VandeVelde         25     0   2  3  
 4 Patrice Bergeron         Jussi Jokinen            Chris VandeVelde         0      0   2  3  

5 vs 5 Defense 
   Defense                  Defense                                           Time % Phy DF OF 
 1 Francois Beauchemin      Niklas Kronwall                                   42     0   3  2  
 2 TJ Brodie                Anton Stralman                                    40     0   3  2  
 3 Lukas Krajicek           Alex Petrovic                                     9      0   4  1  
 4 Lukas Krajicek           Mattias Ekholm                                    9      0   4  1  

PowerPlay Forward 
   Center                   Left Wing                Right Wing               Time % Phy DF OF 
 1 Paul Stastny             Patrick Sharp            Brad Boyes               60     0   0  5  
 2 Patrice Bergeron         Kyle Palmieri            Mikkel Boedker           40     0   0  5  

PowerPlay Defense
   Defense                  Defense                                           Time % Phy DF OF 
 1 Anton Stralman           Niklas Kronwall                                   60     0   1  4  
 2 TJ Brodie                Francois Beauchemin                               40     0   1  4  

Penalty Kill 4 Players Forward 
   Center                   Wing                     Time % Phy DF OF 
 1 Patrice Bergeron         Jason Zucker             60     0   5  0  
 2 Jussi Jokinen            Chris VandeVelde         40     0   5  0  

Penalty Kill 4 Players Defense
   Defense                  Defense                  Time % Phy DF OF 
 1 Francois Beauchemin      Anton Stralman           60     1   4  0  
 2 Niklas Kronwall          Lukas Krajicek           40     1   4  0  

Penalty Kill - 3 Players Forward 
   Forward                                           Time % Phy DF OF 
 1 Patrice Bergeron                                  60     0   5  0  
 2 Paul Stastny                                      40     0   5  0  

Penalty Kill - 3 Players Defense
   Defense                  Defense                  Time % Phy DF OF 
 1 Francois Beauchemin      Niklas Kronwall          60     1   4  0  
 2 Anton Stralman           TJ Brodie                40     1   4  0  

4 vs 4 Forward 
   Center                   Wing                     Time % Phy DF OF 
 1 Brad Boyes               Patrick Sharp            50     0   1  4  
 2 Paul Stastny             Jussi Jokinen            50     0   1  4  

4 vs 4 Defense
   Defense                  Defense                  Time % Phy DF OF 
 1 Francois Beauchemin      Niklas Kronwall          50     0   2  3  
 2 TJ Brodie                Anton Stralman           50     0   2  3  

Last Minutes Offensive
   Center                   Left Wing                Right Wing               Defense                  Defense                  
   Paul Stastny             Patrick Sharp            Brad Boyes               TJ Brodie                Francois Beauchemin      

Last Minutes Defensive
   Center                   Left Wing                Right Wing               Defense                  Defense                  
   Paul Stastny             Jason Zucker             Brad Boyes               Niklas Kronwall          Francois Beauchemin      

Goaltenders
Starting : Roberto Luongo           
Backup : Justin Peters            

Extra Forwards
Normal : Chris VandeVelde, Jason Zucker, Kyle Palmieri - PP : Mikkel Boedker, Jason Zucker - PK : Chris VandeVelde
Extra Defensemen
Normal : Anton Stralman, Mattias Ekholm, Lukas Krajicek - PP : Anton Stralman - PK : Lukas Krajicek, Mattias Ekholm
Penalty Shots
Paul Stastny, Brad Boyes, Patrick Sharp, Patrice Bergeron, Kyle Palmieri
Custom OT Lines Forwards
Paul Stastny, Patrick Sharp, Brad Boyes, Patrice Bergeron, Kyle Palmieri, Jussi Jokinen, Jason Zucker, Mikkel Boedker, Remi Elie, Chris VandeVelde
Custom OT Lines Defensemen
Francois Beauchemin, TJ Brodie, Josh Manson, Niklas Kronwall, Mattias Ekholm

Scratches
Carl Hagelin (Healthy)

Blues

5 vs 5 Forward 
   Center                   Left Wing                Right Wing               Time % Phy DF OF 
 1 Ryan Getzlaf             Martin Erat              Patric Hornqvist         35     1   1  3  
 2 Sidney Crosby            Oliver Setzinger         Tobias Rieder            34     0   2  3  
 3 Frans Nielsen            Michal Birner            Matt D'Agostini          25     0   2  3  
 4 Jacob Josefson           Anders Lee               Chad LaRose              6      1   3  1  

5 vs 5 Defense 
   Defense                  Defense                                           Time % Phy DF OF 
 1 Oscar Klefbom            David Savard                                      35     0   3  2  
 2 Trevor Daley             Mike Weber                                        33     0   3  2  
 3 Keith Yandle             Nate Guenin                                       26     0   3  2  
 4 Oscar Klefbom            Nate Guenin                                       6      0   3  2  

PowerPlay Forward 
   Center                   Left Wing                Right Wing               Time % Phy DF OF 
 1 Ryan Getzlaf             Oliver Setzinger         Patric Hornqvist         50     0   1  4  
 2 Sidney Crosby            Martin Erat              Matt D'Agostini          50     0   1  4  

PowerPlay Defense
   Defense                  Defense                                           Time % Phy DF OF 
 1 David Savard             Keith Yandle                                      60     0   2  3  
 2 Oscar Klefbom            Mike Weber                                        40     0   2  3  

Penalty Kill 4 Players Forward 
   Center                   Wing                     Time % Phy DF OF 
 1 Frans Nielsen            Matt D'Agostini          60     0   4  1  
 2 Ryan Getzlaf             Patric Hornqvist         40     0   4  1  

Penalty Kill 4 Players Defense
   Defense                  Defense                  Time % Phy DF OF 
 1 Nate Guenin              David Savard             60     0   3  2  
 2 Mike Weber               Oscar Klefbom            40     0   3  2  

Penalty Kill - 3 Players Forward 
   Forward                                           Time % Phy DF OF 
 1 Anders Lee                                        60     0   3  2  
 2 Frans Nielsen                                     40     0   3  2  

Penalty Kill - 3 Players Defense
   Defense                  Defense                  Time % Phy DF OF 
 1 Mike Weber               Trevor Daley             60     0   3  2  
 2 Nate Guenin              Oscar Klefbom            40     0   3  2  

4 vs 4 Forward 
   Center                   Wing                     Time % Phy DF OF 
 1 Ryan Getzlaf             Patric Hornqvist         60     0   2  3  
 2 Frans Nielsen            Matt D'Agostini          40     0   2  3  

4 vs 4 Defense
   Defense                  Defense                  Time % Phy DF OF 
 1 Oscar Klefbom            Keith Yandle             60     1   2  2  
 2 David Savard             Mike Weber               40     1   2  2  

Last Minutes Offensive
   Center                   Left Wing                Right Wing               Defense                  Defense                  
   Ryan Getzlaf             Michal Birner            Patric Hornqvist         Mike Weber               David Savard             

Last Minutes Defensive
   Center                   Left Wing                Right Wing               Defense                  Defense                  
   Frans Nielsen            Matt D'Agostini          Patric Hornqvist         David Savard             Nate Guenin              

Goaltenders
Starting : Simeon Varlamov          
Backup : Jason Bacashihua         

Extra Forwards
Normal : Anders Lee, Oliver Setzinger, Tobias Rieder - PP : Anders Lee, Tobias Rieder - PK : Chad LaRose
Extra Defensemen
Normal : Nate Guenin, Mike Weber, Trevor Daley - PP : Oscar Klefbom - PK : Mike Weber, Trevor Daley
Penalty Shots
Ryan Getzlaf, Frans Nielsen, Patric Hornqvist, Trevor Daley, Michal Birner
Custom OT Lines Forwards
Ryan Getzlaf, Patric Hornqvist, Martin Erat, Sidney Crosby, Matt D'Agostini, Frans Nielsen, Jacob Josefson, Oliver Setzinger, Anders Lee, Tobias Rieder
Custom OT Lines Defensemen
David Savard, Mike Weber, Trevor Daley, Oscar Klefbom, Nate Guenin

Scratches
None


% Time on Ice - Avalanche

Lines # - Real PCT - Wanted PCT - Time Play
Normal Forward
1 - 40% - 40% - 17:21
2 - 33% - 35% - 14:21
3 - 24% - 25% - 10:29
4 - 3% - 0% - 1:24
Normal Defense
1 - 38% - 42% - 16:41
2 - 36% - 40% - 15:32
3 - 13% - 9% - 5:34
4 - 13% - 9% - 5:48
PP Forward
1 - 57% - 60% - 7:03
2 - 43% - 40% - 5:24
PP Defense
1 - 62% - 60% - 7:41
2 - 38% - 40% - 4:46
PK Forward
1 - 61% - 60% - 1:12
2 - 39% - 40% - 0:47
PK Defense
1 - 54% - 60% - 1:04
2 - 46% - 40% - 0:55
PK3 Forward
1 - 0% - 60%
2 - 0% - 40%
PK3 Defense
1 - 0% - 60%
2 - 0% - 40%
44 Forward
1 - 61% - 50% - 1:12
2 - 39% - 50% - 0:47
44 Defense
1 - 61% - 50% - 1:12
2 - 39% - 50% - 0:47
Last Minute Offensive  - 0:00
Last Minute Defensive  - 0:00
Total
Forward - 60:00
Defense - 60:00

% Time on Ice - Blues

Lines # - Real PCT - Wanted PCT - Time Play
Normal Forward
1 - 33% - 35% - 14:18
2 - 35% - 34% - 15:03
3 - 25% - 25% - 10:56
4 - 8% - 6% - 3:18
Normal Defense
1 - 37% - 35% - 15:58
2 - 32% - 33% - 13:51
3 - 30% - 26% - 13:00
4 - 2% - 6% - 0:46
PP Forward
1 - 55% - 50% - 1:06
2 - 45% - 50% - 0:53
PP Defense
1 - 45% - 60% - 0:53
2 - 55% - 40% - 1:06
PK Forward
1 - 68% - 60% - 8:29
2 - 32% - 40% - 3:58
PK Defense
1 - 59% - 60% - 7:19
2 - 41% - 40% - 5:08
PK3 Forward
1 - 0% - 60%
2 - 0% - 40%
PK3 Defense
1 - 0% - 60%
2 - 0% - 40%
44 Forward
1 - 100% - 60% - 1:59
2 - 0% - 40% - 0:00
44 Defense
1 - 65% - 60% - 1:17
2 - 35% - 40% - 0:42
Last Minute Offensive  - 0:00
Last Minute Defensive  - 0:00
Total
Forward - 60:00
Defense - 60:00

Play by Play

1st period


0:01 of 1st period - Paul Stastny wins face-off versus Ryan Getzlaf in neutral zone.
0:20 of 1st period - Shot by Patrick Sharp.
0:20 of 1st period - Stopped by Simeon Varlamov with a rebound.
1:19 of 1st period - Shot by TJ Brodie.
1:19 of 1st period - Shot Blocked by David Savard.
1:59 of 1st period - Shot by Tobias Rieder.
1:59 of 1st period - Stopped by Roberto Luongo without a rebound.
2:00 of 1st period - Frans Nielsen wins face-off versus Paul Stastny in Avalanche zone.
2:04 of 1st period - Icing by Francois Beauchemin.
2:05 of 1st period - Paul Stastny wins face-off versus Sidney Crosby in Avalanche zone.
2:05 of 1st period - Paul Stastny is hit by Sidney Crosby.
2:32 of 1st period - Tobias Rieder is hit by Niklas Kronwall.
2:55 of 1st period - Icing by Niklas Kronwall.
2:56 of 1st period - Paul Stastny wins face-off versus Frans Nielsen in Avalanche zone.
3:31 of 1st period - Shot by Frans Nielsen.
3:31 of 1st period - Stopped by Roberto Luongo without a rebound.
3:32 of 1st period - Jacob Josefson wins face-off versus Patrice Bergeron in Avalanche zone.
4:00 of 1st period - Icing by Nate Guenin.
4:01 of 1st period - Jussi Jokinen wins face-off versus Jacob Josefson in Blues zone.
4:06 of 1st period - Shot by Kyle Palmieri.
4:06 of 1st period - Stopped by Simeon Varlamov without a rebound.
4:07 of 1st period - Jussi Jokinen wins face-off versus Sidney Crosby in Blues zone.
4:07 of 1st period - Jussi Jokinen is hit by Mike Weber.
5:07 of 1st period - Shot by Michal Birner.
5:07 of 1st period - Stopped by Roberto Luongo with a rebound.
5:09 of 1st period - Shot by Matt D'Agostini.
5:09 of 1st period - Shot Blocked by Anton Stralman.
5:18 of 1st period - Frans Nielsen is hit by Anton Stralman and loses puck.
5:29 of 1st period - Matt D'Agostini is hit by Chris VandeVelde and loses puck.
6:09 of 1st period - Shot by Mikkel Boedker.
6:09 of 1st period - Stopped by Simeon Varlamov without a rebound.
6:10 of 1st period - Paul Stastny wins face-off versus Jacob Josefson in Blues zone.
6:41 of 1st period - Shot by Anders Lee.
6:41 of 1st period - Stopped by Roberto Luongo without a rebound.
6:42 of 1st period - Patrice Bergeron wins face-off versus Sidney Crosby in Avalanche zone.
6:42 of 1st period - Patrice Bergeron is hit by Oliver Setzinger.
6:47 of 1st period - Minor Penalty to Oliver Setzinger for Holding.
6:48 of 1st period - Paul Stastny wins face-off versus Frans Nielsen in Blues zone.
7:08 of 1st period - Icing by Niklas Kronwall.
7:09 of 1st period - Paul Stastny wins face-off versus Frans Nielsen in Avalanche zone.
7:11 of 1st period - Icing by Niklas Kronwall.
7:12 of 1st period - Paul Stastny wins face-off versus Frans Nielsen in Avalanche zone.
7:21 of 1st period - Shot by Paul Stastny.
7:21 of 1st period - Shot Misses the Net.
7:23 of 1st period - Shot by Patrick Sharp.
7:23 of 1st period - Deflect By Paul Stastny.
7:23 of 1st period - Shot Blocked by Nate Guenin.
7:33 of 1st period - Shot by Niklas Kronwall.
7:33 of 1st period - Stopped by Simeon Varlamov without a rebound.
7:34 of 1st period - Frans Nielsen wins face-off versus Patrice Bergeron in Blues zone.
7:45 of 1st period - Shot by TJ Brodie.
7:45 of 1st period - Stopped by Simeon Varlamov without a rebound.
7:46 of 1st period - Frans Nielsen wins face-off versus Patrice Bergeron in Blues zone.
7:52 of 1st period - Icing by Anton Stralman.
7:53 of 1st period - Patrice Bergeron wins face-off versus Frans Nielsen in Avalanche zone.
8:21 of 1st period - Shot by Patrice Bergeron.
8:21 of 1st period - Shot Blocked by Oscar Klefbom.
8:23 of 1st period - Shot by Mikkel Boedker.
8:23 of 1st period - Deflect By Patrice Bergeron.
8:23 of 1st period - Shot Hit the Post.
8:25 of 1st period - Shot by Niklas Kronwall.
8:25 of 1st period - Stopped by Simeon Varlamov without a rebound.
8:26 of 1st period - Frans Nielsen wins face-off versus Patrick Sharp in Blues zone.
8:46 of 1st period - Shot by Brad Boyes.
8:46 of 1st period - Deflect By Patrick Sharp.
8:46 of 1st period - Shot Misses the Net.
8:48 of 1st period - Shot by Chris VandeVelde.
8:48 of 1st period - Stopped by Simeon Varlamov without a rebound.
8:49 of 1st period - Sidney Crosby wins face-off versus Jason Zucker in Blues zone.
8:49 of 1st period - Sidney Crosby is hit by Jason Zucker.
9:00 of 1st period - Mattias Ekholm is hit by Mike Weber and loses puck.
9:11 of 1st period - Shot by Jason Zucker.
9:11 of 1st period - Stopped by Simeon Varlamov without a rebound.
9:12 of 1st period - Paul Stastny wins face-off versus Ryan Getzlaf in Blues zone.
9:12 of 1st period - Paul Stastny is hit by David Savard.
9:15 of 1st period - Patrick Sharp is hit by David Savard and loses puck.
9:48 of 1st period - David Savard is hit by Paul Stastny and loses puck.
9:55 of 1st period - Paul Stastny is hit by Ryan Getzlaf and loses puck.
10:06 of 1st period - Patric Hornqvist is hit by Patrick Sharp and loses puck.
10:56 of 1st period - TJ Brodie is hit by Mike Weber and loses puck.
11:07 of 1st period - Shot by Jussi Jokinen.
11:07 of 1st period - Shot Misses the Net.
11:09 of 1st period - Shot by Lukas Krajicek.
11:09 of 1st period - Stopped by Simeon Varlamov without a rebound.
11:10 of 1st period - Frans Nielsen wins face-off versus Jussi Jokinen in Blues zone.
11:19 of 1st period - Mattias Ekholm is hit by Frans Nielsen.
11:38 of 1st period - Kyle Palmieri is hit by Nate Guenin and loses puck.
12:05 of 1st period - Shot by Jacob Josefson.
12:05 of 1st period - Stopped by Roberto Luongo without a rebound.
12:06 of 1st period - Paul Stastny wins face-off versus Jacob Josefson in Avalanche zone.
12:40 of 1st period - Shot by Patrick Sharp.
12:40 of 1st period - Shot Blocked by David Savard.
12:48 of 1st period - Shot by Patrick Sharp.
12:48 of 1st period - Shot Misses the Net.
12:50 of 1st period - Shot by Brad Boyes.
12:50 of 1st period - Stopped by Simeon Varlamov without a rebound.
12:51 of 1st period - Sidney Crosby wins face-off versus Patrice Bergeron in Blues zone.
13:32 of 1st period - Shot by Oliver Setzinger.
13:32 of 1st period - Stopped by Roberto Luongo without a rebound.
13:33 of 1st period - Ryan Getzlaf wins face-off versus Jussi Jokinen in Avalanche zone.
13:34 of 1st period - Shot by Patric Hornqvist.
13:34 of 1st period - Stopped by Roberto Luongo without a rebound.
13:35 of 1st period - Paul Stastny wins face-off versus Ryan Getzlaf in Avalanche zone.
13:44 of 1st period - Shot by Patrick Sharp.
13:44 of 1st period - Stopped by Simeon Varlamov without a rebound.
13:45 of 1st period - Jussi Jokinen wins face-off versus Frans Nielsen in Blues zone.
13:54 of 1st period - Shot by Kyle Palmieri.
13:54 of 1st period - Goal by Kyle Palmieri - Avalanche : 1 - Blues : 0.
13:55 of 1st period - Patrice Bergeron wins face-off versus Ryan Getzlaf in neutral zone.
14:08 of 1st period - Shot by Patrice Bergeron.
14:08 of 1st period - Shot Misses the Net.
14:34 of 1st period - Shot by Patrice Bergeron.
14:34 of 1st period - Deflect By Jason Zucker.
14:34 of 1st period - Shot Misses the Net.
14:36 of 1st period - Shot by Mikkel Boedker.
14:36 of 1st period - Goal by Mikkel Boedker - Avalanche : 2 - Blues : 0.
14:37 of 1st period - Frans Nielsen wins face-off versus Paul Stastny in neutral zone.
14:56 of 1st period - Shot by Frans Nielsen.
14:56 of 1st period - Stopped by Roberto Luongo without a rebound.
14:57 of 1st period - Sidney Crosby wins face-off versus Jussi Jokinen in Avalanche zone.
15:18 of 1st period - Shot by Jussi Jokinen.
15:18 of 1st period - Stopped by Simeon Varlamov without a rebound.
15:19 of 1st period - Paul Stastny wins face-off versus Ryan Getzlaf in Blues zone.
15:26 of 1st period - Shot by Ryan Getzlaf.
15:26 of 1st period - Stopped by Roberto Luongo without a rebound.
15:27 of 1st period - Matt D'Agostini wins face-off versus Patrice Bergeron in Avalanche zone.
15:41 of 1st period - Shot by Francois Beauchemin.
15:41 of 1st period - Shot Misses the Net.
15:43 of 1st period - Shot by Niklas Kronwall.
15:43 of 1st period - Shot Blocked by Keith Yandle.
16:38 of 1st period - Off-side.
16:39 of 1st period - Paul Stastny wins face-off versus Ryan Getzlaf in neutral zone.
16:50 of 1st period - Shot by Patrick Sharp.
16:50 of 1st period - Deflect By Brad Boyes.
16:50 of 1st period - Stopped by Simeon Varlamov with a rebound.
16:52 of 1st period - Shot by Patrick Sharp.
16:52 of 1st period - Stopped by Simeon Varlamov without a rebound.
16:53 of 1st period - Sidney Crosby wins face-off versus Jussi Jokinen in Blues zone.
16:53 of 1st period - Sidney Crosby is hit by Kyle Palmieri.
16:54 of 1st period - Minor Penalty to Kyle Palmieri for Slashing.
16:55 of 1st period - Ryan Getzlaf wins face-off versus Patrice Bergeron in Avalanche zone.
17:07 of 1st period - Icing by Mike Weber.
17:08 of 1st period - Ryan Getzlaf wins face-off versus Patrice Bergeron in Blues zone.
18:17 of 1st period - Icing by David Savard.
18:18 of 1st period - Patrice Bergeron wins face-off versus Sidney Crosby in Blues zone.
18:58 of 1st period - Anton Stralman is hit by Anders Lee and loses puck.
19:23 of 1st period - Shot by Anders Lee.
19:23 of 1st period - Shot Misses the Net.
19:29 of 1st period - Shot by Anders Lee.
19:29 of 1st period - Stopped by Roberto Luongo without a rebound.
19:30 of 1st period - Chris VandeVelde wins face-off versus Sidney Crosby in Avalanche zone.
19:48 of 1st period - Icing by Oscar Klefbom.
19:49 of 1st period - Sidney Crosby wins face-off versus Patrice Bergeron in Blues zone.
19:56 of 1st period - Shot by Oliver Setzinger.
19:56 of 1st period - Shot Misses the Net.
Goals for this period are 2 for Avalanche vs 0 for Blues.
Shots for this period are 16 for Avalanche vs 10 for Blues.

2nd period


0:01 of 2nd period - Paul Stastny wins face-off versus Ryan Getzlaf in neutral zone.
0:05 of 2nd period - Patrick Sharp is hit by David Savard and loses puck.
0:13 of 2nd period - Icing by Oscar Klefbom.
0:14 of 2nd period - Patrice Bergeron wins face-off versus Ryan Getzlaf in Blues zone.
0:14 of 2nd period - Niklas Kronwall is hit by David Savard and loses puck.
0:25 of 2nd period - Shot by Martin Erat.
0:25 of 2nd period - Stopped by Roberto Luongo with a rebound.
0:27 of 2nd period - Shot by David Savard.
0:27 of 2nd period - Stopped by Roberto Luongo without a rebound.
0:28 of 2nd period - Paul Stastny wins face-off versus Sidney Crosby in Avalanche zone.
0:52 of 2nd period - Icing by Sidney Crosby.
0:53 of 2nd period - Patrice Bergeron wins face-off versus Sidney Crosby in Blues zone.
1:04 of 2nd period - Shot by Patrice Bergeron.
1:04 of 2nd period - Shot Blocked by Mike Weber.
1:06 of 2nd period - Shot by Francois Beauchemin.
1:06 of 2nd period - Stopped by Simeon Varlamov with a rebound.
1:14 of 2nd period - Shot by Patrice Bergeron.
1:14 of 2nd period - Deflect By Mikkel Boedker.
1:14 of 2nd period - Stopped by Simeon Varlamov without a rebound.
1:15 of 2nd period - Paul Stastny wins face-off versus Ryan Getzlaf in Blues zone.
2:26 of 2nd period - Shot by Patrice Bergeron.
2:26 of 2nd period - Shot Misses the Net.
2:34 of 2nd period - Shot by Mikkel Boedker.
2:34 of 2nd period - Stopped by Simeon Varlamov without a rebound.
2:35 of 2nd period - Oliver Setzinger wins face-off versus Kyle Palmieri in Blues zone.
4:13 of 2nd period - Icing by Francois Beauchemin.
4:14 of 2nd period - Ryan Getzlaf wins face-off versus Jason Zucker in Avalanche zone.
4:38 of 2nd period - Off-side.
4:39 of 2nd period - Sidney Crosby wins face-off versus Brad Boyes in neutral zone.
4:46 of 2nd period - Shot by Paul Stastny.
4:46 of 2nd period - Stopped by Simeon Varlamov without a rebound.
4:47 of 2nd period - Paul Stastny wins face-off versus Sidney Crosby in Blues zone.
4:48 of 2nd period - Shot by Brad Boyes.
4:48 of 2nd period - Stopped by Simeon Varlamov without a rebound.
4:49 of 2nd period - Ryan Getzlaf wins face-off versus Paul Stastny in Blues zone.
4:55 of 2nd period - Paul Stastny is hit by David Savard and loses puck.
5:24 of 2nd period - Shot by Patrick Sharp.
5:24 of 2nd period - Deflect By Paul Stastny.
5:24 of 2nd period - Shot Misses the Net.
5:26 of 2nd period - Shot by Brad Boyes.
5:26 of 2nd period - Shot Blocked by David Savard.
5:28 of 2nd period - Shot by Patrick Sharp.
5:28 of 2nd period - Shot Blocked by Oscar Klefbom.
5:43 of 2nd period - Icing by Oscar Klefbom.
5:44 of 2nd period - Patrice Bergeron wins face-off versus Ryan Getzlaf in Blues zone.
5:47 of 2nd period - Shot by Mikkel Boedker.
5:47 of 2nd period - Shot Misses the Net.
6:09 of 2nd period - Shot by Jason Zucker.
6:09 of 2nd period - Stopped by Simeon Varlamov without a rebound.
6:10 of 2nd period - Kyle Palmieri wins face-off versus Sidney Crosby in Blues zone.
6:49 of 2nd period - Shot by Mike Weber.
6:49 of 2nd period - Goal by Mike Weber - Avalanche : 2 - Blues : 1.
6:50 of 2nd period - Paul Stastny wins face-off versus Michal Birner in neutral zone.
6:55 of 2nd period - Frans Nielsen is hit by Paul Stastny and loses puck.
7:17 of 2nd period - Frans Nielsen is hit by Paul Stastny and loses puck.
7:31 of 2nd period - Icing by Nate Guenin.
7:32 of 2nd period - Frans Nielsen wins face-off versus Patrice Bergeron in Blues zone.
7:34 of 2nd period - Icing by Nate Guenin.
7:35 of 2nd period - Frans Nielsen wins face-off versus Patrice Bergeron in Blues zone.
8:18 of 2nd period - Icing by Oscar Klefbom.
8:19 of 2nd period - Paul Stastny wins face-off versus Sidney Crosby in Blues zone.
8:22 of 2nd period - Shot by Brad Boyes.
8:22 of 2nd period - Goal by Brad Boyes - Avalanche : 3 - Blues : 1.
8:23 of 2nd period - Ryan Getzlaf wins face-off versus Paul Stastny in neutral zone.
8:45 of 2nd period - Minor Penalty to Ryan Getzlaf for Slashing.
8:45 of 2nd period - Minor Penalty to Niklas Kronwall for High sticking.
8:46 of 2nd period - Paul Stastny wins face-off versus Anders Lee in Avalanche zone.
9:51 of 2nd period - Off-side.
9:52 of 2nd period - Brad Boyes wins face-off versus Oliver Setzinger in neutral zone.
9:59 of 2nd period - Shot by Brad Boyes.
9:59 of 2nd period - Stopped by Simeon Varlamov without a rebound.
10:00 of 2nd period - Oliver Setzinger wins face-off versus Brad Boyes in Blues zone.
10:12 of 2nd period - Icing by Francois Beauchemin.
10:13 of 2nd period - Brad Boyes wins face-off versus Oliver Setzinger in Avalanche zone.
10:33 of 2nd period - Icing by Francois Beauchemin.
10:34 of 2nd period - Anders Lee wins face-off versus Brad Boyes in Avalanche zone.
11:10 of 2nd period - Shot by Patrice Bergeron.
11:10 of 2nd period - Shot Misses the Net.
11:12 of 2nd period - Shot by Patrice Bergeron.
11:12 of 2nd period - Stopped by Simeon Varlamov without a rebound.
11:13 of 2nd period - Jussi Jokinen wins face-off versus Sidney Crosby in Blues zone.
11:14 of 2nd period - Shot by Kyle Palmieri.
11:14 of 2nd period - Stopped by Simeon Varlamov without a rebound.
11:15 of 2nd period - Sidney Crosby wins face-off versus Jussi Jokinen in Blues zone.
11:44 of 2nd period - Icing by Oscar Klefbom.
11:45 of 2nd period - Paul Stastny wins face-off versus Tobias Rieder in Blues zone.
11:45 of 2nd period - Brad Boyes is hit by David Savard and loses puck.
11:55 of 2nd period - Minor Penalty to Sidney Crosby for Hooking.
11:56 of 2nd period - Frans Nielsen wins face-off versus Paul Stastny in Blues zone.
12:28 of 2nd period - Shot by Paul Stastny.
12:28 of 2nd period - Shot Misses the Net.
12:30 of 2nd period - Shot by Anton Stralman.
12:30 of 2nd period - Shot Hit the Post.
12:32 of 2nd period - Shot by Anton Stralman.
12:32 of 2nd period - Stopped by Simeon Varlamov without a rebound.
12:33 of 2nd period - Patrice Bergeron wins face-off versus Frans Nielsen in Blues zone.
13:08 of 2nd period - Shot by TJ Brodie.
13:08 of 2nd period - Shot Blocked by Ryan Getzlaf.
13:10 of 2nd period - Shot by TJ Brodie.
13:10 of 2nd period - Shot Misses the Net.
13:12 of 2nd period - Shot by Francois Beauchemin.
13:12 of 2nd period - Stopped by Simeon Varlamov without a rebound.
13:13 of 2nd period - Paul Stastny wins face-off versus Frans Nielsen in Blues zone.
13:33 of 2nd period - Anton Stralman is hit by Mike Weber and loses puck.
13:42 of 2nd period - Shot by Patrick Sharp.
13:42 of 2nd period - Shot Misses the Net.
13:59 of 2nd period - Icing by Alex Petrovic.
14:00 of 2nd period - Ryan Getzlaf wins face-off versus Jussi Jokinen in Avalanche zone.
14:39 of 2nd period - Minor Penalty to Ryan Getzlaf for Interference.
14:40 of 2nd period - Paul Stastny wins face-off versus Frans Nielsen in Blues zone.
16:29 of 2nd period - Shot by Niklas Kronwall.
16:29 of 2nd period - Stopped by Simeon Varlamov without a rebound.
16:30 of 2nd period - Frans Nielsen wins face-off versus Paul Stastny in Blues zone.
17:17 of 2nd period - Off-side.
17:18 of 2nd period - Ryan Getzlaf wins face-off versus Jason Zucker in neutral zone.
17:18 of 2nd period - Ryan Getzlaf is hit by Kyle Palmieri.
17:34 of 2nd period - Shot by Mikkel Boedker.
17:34 of 2nd period - Shot Misses the Net.
17:36 of 2nd period - Shot by Francois Beauchemin.
17:36 of 2nd period - Shot Blocked by David Savard.
17:56 of 2nd period - Shot by Kyle Palmieri.
17:56 of 2nd period - Stopped by Simeon Varlamov without a rebound.
17:57 of 2nd period - Paul Stastny wins face-off versus Frans Nielsen in Blues zone.
18:58 of 2nd period - Icing by Alex Petrovic.
18:59 of 2nd period - Patrice Bergeron wins face-off versus Ryan Getzlaf in Avalanche zone.
19:16 of 2nd period - Shot by Jussi Jokinen.
19:16 of 2nd period - Shot Misses the Net.
19:18 of 2nd period - Shot by Patrice Bergeron.
19:18 of 2nd period - Shot Blocked by Oscar Klefbom.
19:28 of 2nd period - Shot by Chris VandeVelde.
19:28 of 2nd period - Deflect By Patrice Bergeron.
19:28 of 2nd period - Shot Blocked by David Savard.
19:30 of 2nd period - Shot by Patrice Bergeron.
19:30 of 2nd period - Goal by Patrice Bergeron - Avalanche : 4 - Blues : 1.
19:31 of 2nd period - Patrice Bergeron wins face-off versus Sidney Crosby in neutral zone.
19:50 of 2nd period - Tobias Rieder is hit by Patrice Bergeron.
19:51 of 2nd period - Icing by Tobias Rieder.
19:52 of 2nd period - Paul Stastny wins face-off versus Sidney Crosby in Blues zone.
Goals for this period are 2 for Avalanche vs 1 for Blues.
Shots for this period are 15 for Avalanche vs 3 for Blues.

3rd period


0:01 of 3rd period - Paul Stastny wins face-off versus Tobias Rieder in neutral zone.
0:40 of 3rd period - Icing by TJ Brodie.
0:41 of 3rd period - Paul Stastny wins face-off versus Ryan Getzlaf in Avalanche zone.
1:13 of 3rd period - Off-side.
1:14 of 3rd period - Frans Nielsen wins face-off versus Patrice Bergeron in neutral zone.
1:19 of 3rd period - Shot by Nate Guenin.
1:19 of 3rd period - Shot Blocked by Francois Beauchemin.
1:25 of 3rd period - Shot by Francois Beauchemin.
1:25 of 3rd period - Stopped by Simeon Varlamov without a rebound.
1:26 of 3rd period - Sidney Crosby wins face-off versus Jussi Jokinen in Blues zone.
1:37 of 3rd period - Shot by Oliver Setzinger.
1:37 of 3rd period - Deflect By Sidney Crosby.
1:37 of 3rd period - Shot Misses the Net.
1:42 of 3rd period - Jussi Jokinen is hit by David Savard and loses puck.
1:46 of 3rd period - Chris VandeVelde is hit by David Savard and loses puck.
1:53 of 3rd period - Shot by Jussi Jokinen.
1:53 of 3rd period - Shot Misses the Net.
1:55 of 3rd period - Shot by Jussi Jokinen.
1:55 of 3rd period - Shot Blocked by Oscar Klefbom.
1:57 of 3rd period - Shot by Francois Beauchemin.
1:57 of 3rd period - Shot Misses the Net.
1:59 of 3rd period - Shot by Chris VandeVelde.
1:59 of 3rd period - Stopped by Simeon Varlamov with a rebound.
2:00 of 3rd period - Minor Penalty to David Savard for Tripping.
2:01 of 3rd period - Frans Nielsen wins face-off versus Paul Stastny in Blues zone.
2:01 of 3rd period - Frans Nielsen is hit by Paul Stastny.
3:04 of 3rd period - Off-side.
3:05 of 3rd period - Frans Nielsen wins face-off versus Patrice Bergeron in neutral zone.
3:10 of 3rd period - Shot by Matt D'Agostini.
3:10 of 3rd period - Stopped by Roberto Luongo with a rebound.
3:12 of 3rd period - Shot by Frans Nielsen.
3:12 of 3rd period - Goal by Frans Nielsen - Avalanche : 4 - Blues : 2.
3:13 of 3rd period - Frans Nielsen wins face-off versus Patrice Bergeron in neutral zone.
4:01 of 3rd period - Shot by Patrice Bergeron.
4:01 of 3rd period - Stopped by Simeon Varlamov without a rebound.
4:02 of 3rd period - Sidney Crosby wins face-off versus Patrick Sharp in Blues zone.
4:02 of 3rd period - Sidney Crosby is hit by Paul Stastny.
4:33 of 3rd period - Minor Penalty to David Savard for Delaying the game.
4:34 of 3rd period - Patrice Bergeron wins face-off versus Frans Nielsen in Blues zone.
4:35 of 3rd period - Shot by Kyle Palmieri.
4:35 of 3rd period - Stopped by Simeon Varlamov without a rebound.
4:36 of 3rd period - Patrice Bergeron wins face-off versus Frans Nielsen in Blues zone.
4:41 of 3rd period - Shot by Anton Stralman.
4:41 of 3rd period - Stopped by Simeon Varlamov without a rebound.
4:42 of 3rd period - Patrice Bergeron wins face-off versus Frans Nielsen in Blues zone.
4:43 of 3rd period - Shot by Anton Stralman.
4:43 of 3rd period - Stopped by Simeon Varlamov with a rebound.
4:52 of 3rd period - Off-side.
4:53 of 3rd period - Paul Stastny wins face-off versus Frans Nielsen in neutral zone.
5:10 of 3rd period - Shot by Niklas Kronwall.
5:10 of 3rd period - Shot Blocked by Nate Guenin.
5:12 of 3rd period - Shot by Paul Stastny.
5:12 of 3rd period - Shot Misses the Net.
5:14 of 3rd period - Shot by Anton Stralman.
5:14 of 3rd period - Shot Misses the Net.
5:16 of 3rd period - Shot by Paul Stastny.
5:16 of 3rd period - Stopped by Simeon Varlamov without a rebound.
5:17 of 3rd period - Mikkel Boedker wins face-off versus Frans Nielsen in Blues zone.
5:30 of 3rd period - Shot by Francois Beauchemin.
5:30 of 3rd period - Stopped by Simeon Varlamov without a rebound.
5:31 of 3rd period - Frans Nielsen wins face-off versus Paul Stastny in Blues zone.
5:44 of 3rd period - Shot by Niklas Kronwall.
5:44 of 3rd period - Stopped by Simeon Varlamov with a rebound.
5:52 of 3rd period - Shot by Patrick Sharp.
5:52 of 3rd period - Stopped by Simeon Varlamov with a rebound.
6:08 of 3rd period - Shot by Ryan Getzlaf.
6:08 of 3rd period - Stopped by Roberto Luongo with a rebound.
6:20 of 3rd period - Mike Weber is hit by Paul Stastny and loses puck.
6:43 of 3rd period - Shot by Oliver Setzinger.
6:43 of 3rd period - Stopped by Roberto Luongo without a rebound.
6:44 of 3rd period - Patrice Bergeron wins face-off versus Jacob Josefson in Avalanche zone.
6:44 of 3rd period - Patrice Bergeron is hit by Anders Lee.
6:45 of 3rd period - Minor Penalty to Anders Lee for Holding.
6:46 of 3rd period - Frans Nielsen wins face-off versus Patrice Bergeron in Blues zone.
6:57 of 3rd period - Shot by Mikkel Boedker.
6:57 of 3rd period - Stopped by Simeon Varlamov without a rebound.
6:58 of 3rd period - Frans Nielsen wins face-off versus Patrice Bergeron in Blues zone.
7:18 of 3rd period - Shot by Kyle Palmieri.
7:18 of 3rd period - Goal by Kyle Palmieri - Avalanche : 5 - Blues : 2.
7:19 of 3rd period - Paul Stastny wins face-off versus Ryan Getzlaf in neutral zone.
7:26 of 3rd period - Shot by Patrick Sharp.
7:26 of 3rd period - Shot Misses the Net.
7:28 of 3rd period - Shot by Paul Stastny.
7:28 of 3rd period - Shot Misses the Net.
9:41 of 3rd period - Shot by Kyle Palmieri.
9:41 of 3rd period - Stopped by Simeon Varlamov with a rebound.
9:43 of 3rd period - Shot by TJ Brodie.
9:43 of 3rd period - Stopped by Simeon Varlamov without a rebound.
9:44 of 3rd period - Paul Stastny wins face-off versus Jacob Josefson in Blues zone.
10:01 of 3rd period - Shot by Oscar Klefbom.
10:01 of 3rd period - Stopped by Roberto Luongo with a rebound.
10:11 of 3rd period - Shot by Anders Lee.
10:11 of 3rd period - Shot Misses the Net.
10:49 of 3rd period - Shot by Ryan Getzlaf.
10:49 of 3rd period - Deflect By Patric Hornqvist.
10:49 of 3rd period - Shot Blocked by TJ Brodie.
10:54 of 3rd period - Off-side.
10:55 of 3rd period - Sidney Crosby wins face-off versus Jussi Jokinen in neutral zone.
11:05 of 3rd period - Icing by Niklas Kronwall.
11:06 of 3rd period - Frans Nielsen wins face-off versus Jussi Jokinen in Avalanche zone.
11:07 of 3rd period - Shot by Nate Guenin.
11:07 of 3rd period - Shot Misses the Net.
11:31 of 3rd period - Shot by Jussi Jokinen.
11:31 of 3rd period - Stopped by Simeon Varlamov without a rebound.
11:32 of 3rd period - Paul Stastny wins face-off versus Ryan Getzlaf in Blues zone.
12:11 of 3rd period - Shot by Brad Boyes.
12:11 of 3rd period - Shot Blocked by Trevor Daley.
12:33 of 3rd period - David Savard is hit by Paul Stastny and loses puck.
12:44 of 3rd period - Shot by Sidney Crosby.
12:44 of 3rd period - Stopped by Roberto Luongo without a rebound.
12:45 of 3rd period - Patrice Bergeron wins face-off versus Frans Nielsen in Avalanche zone.
12:45 of 3rd period - Patrice Bergeron is hit by Nate Guenin.
12:48 of 3rd period - Icing by Mikkel Boedker.
12:49 of 3rd period - Mikkel Boedker wins face-off versus Sidney Crosby in Avalanche zone.
13:14 of 3rd period - Shot by Sidney Crosby.
13:14 of 3rd period - Goal by Sidney Crosby - Avalanche : 5 - Blues : 3.
13:15 of 3rd period - Frans Nielsen wins face-off versus Jussi Jokinen in neutral zone.
13:17 of 3rd period - Matt D'Agostini is hit by Mattias Ekholm and loses puck.
13:46 of 3rd period - Shot by Jussi Jokinen.
13:46 of 3rd period - Shot Misses the Net.
15:09 of 3rd period - Icing by Francois Beauchemin.
15:10 of 3rd period - Ryan Getzlaf wins face-off versus Paul Stastny in Avalanche zone.
15:11 of 3rd period - Shot by Trevor Daley.
15:11 of 3rd period - Stopped by Roberto Luongo without a rebound.
15:12 of 3rd period - Paul Stastny wins face-off versus Ryan Getzlaf in Avalanche zone.
15:35 of 3rd period - Shot by Patrick Sharp.
15:35 of 3rd period - Shot Misses the Net.
15:37 of 3rd period - Shot by Patrick Sharp.
15:37 of 3rd period - Stopped by Simeon Varlamov without a rebound.
15:38 of 3rd period - Sidney Crosby wins face-off versus Jussi Jokinen in Blues zone.
15:46 of 3rd period - Icing by Oscar Klefbom.
15:47 of 3rd period - Patrice Bergeron wins face-off versus Sidney Crosby in Blues zone.
15:53 of 3rd period - Icing by David Savard.
15:54 of 3rd period - Patrice Bergeron wins face-off versus Sidney Crosby in Blues zone.
16:04 of 3rd period - Minor Penalty to David Savard for Tripping.
16:05 of 3rd period - Paul Stastny wins face-off versus Ryan Getzlaf in Blues zone.
16:41 of 3rd period - Shot by Paul Stastny.
16:41 of 3rd period - Shot Misses the Net.
16:43 of 3rd period - Shot by Niklas Kronwall.
16:43 of 3rd period - Shot Blocked by Trevor Daley.
16:45 of 3rd period - Shot by Niklas Kronwall.
16:45 of 3rd period - Shot Blocked by Trevor Daley.
16:47 of 3rd period - Shot by Niklas Kronwall.
16:47 of 3rd period - Stopped by Simeon Varlamov without a rebound.
16:48 of 3rd period - Patrice Bergeron wins face-off versus Frans Nielsen in Blues zone.
17:24 of 3rd period - Shot by Mikkel Boedker.
17:24 of 3rd period - Shot Blocked by Nate Guenin.
17:26 of 3rd period - Shot by Francois Beauchemin.
17:26 of 3rd period - Shot Misses the Net.
17:28 of 3rd period - Shot by TJ Brodie.
17:28 of 3rd period - Stopped by Simeon Varlamov with a rebound.
17:30 of 3rd period - Shot by Kyle Palmieri.
17:30 of 3rd period - Deflect By Patrice Bergeron.
17:30 of 3rd period - Stopped by Simeon Varlamov without a rebound.
17:31 of 3rd period - Paul Stastny wins face-off versus Patric Hornqvist in Blues zone.
17:32 of 3rd period - Shot by Brad Boyes.
17:32 of 3rd period - Stopped by Simeon Varlamov without a rebound.
17:33 of 3rd period - Ryan Getzlaf wins face-off versus Paul Stastny in Blues zone.
17:52 of 3rd period - Shot by Brad Boyes.
17:52 of 3rd period - Stopped by Simeon Varlamov without a rebound.
17:53 of 3rd period - Patrice Bergeron wins face-off versus Ryan Getzlaf in Blues zone.
18:13 of 3rd period - Sidney Crosby is hit by Lukas Krajicek and loses puck.
18:22 of 3rd period - Shot by Brad Boyes.
18:22 of 3rd period - Shot Misses the Net.
18:24 of 3rd period - Shot by Lukas Krajicek.
18:24 of 3rd period - Stopped by Simeon Varlamov without a rebound.
18:25 of 3rd period - Ryan Getzlaf wins face-off versus Patrice Bergeron in Blues zone.
18:41 of 3rd period - Shot by Mikkel Boedker.
18:41 of 3rd period - Shot Misses the Net.
19:07 of 3rd period - Shot by Mikkel Boedker.
19:07 of 3rd period - Deflect By Patrice Bergeron.
19:07 of 3rd period - Stopped by Simeon Varlamov without a rebound.
19:08 of 3rd period - Brad Boyes wins face-off versus Sidney Crosby in Blues zone.
19:27 of 3rd period - Shot by Francois Beauchemin.
19:27 of 3rd period - Shot Misses the Net.
19:35 of 3rd period - Francois Beauchemin is hit by Sidney Crosby and loses puck.
19:42 of 3rd period - Shot by Sidney Crosby.
19:42 of 3rd period - Shot Misses the Net.
Goals for this period are 1 for Avalanche vs 2 for Blues.
Shots for this period are 23 for Avalanche vs 8 for Blues.